 Dungeon Crawl Stone Soup version 0.23.2-30-g0e89c35649 (webtiles) character file.

Game seed: 2265970125467113423

191 Pizzadoos the Gusty (level 5, -1/30 HPs)
             Began as a Tengu Air Elementalist on June 25, 2019.
             Killed from afar by Sigmund (13 damage)
             ... with a puff of flame
             ... on level 2 of the Dungeon.
             The game lasted 00:18:27 (2368 turns).

Pizzadoos the Gusty (Tengu Air Elementalist)        Turns: 2368, Time: 00:18:28

Health: -1/30      AC:  6    Str: 10    XL:     5   Next: 70%
Magic:  9/10       EV: 15    Int: 15    God:
Gold:   92         SH:  0    Dex: 14    Spells: 8/9 levels left

rFire    . . .     SeeInvis .   a - +2 dagger (vamp)
rCold    . . .     Gourm    .   (no shield)
rNeg     . . .     Faith    .   o - +0 leather armour
rPois    .         Spirit   .   (helmet restricted)
rElec    .         Reflect  .   (no cloak)
rCorr    .         Harm     .   q - +2 pair of gloves
MR       +....                  (boots unavailable)
Stlth    ++........             (no amulet)
HPRegen  0.10/turn              i - ring of protection from magic
MPRegen  0.12/turn              (no ring)

@: flying quickly and evasively, quick
A: beak, talons 3, able to fly
a: Stop Flying


You were on level 2 of the Dungeon.
You were not hungry.

You visited 1 branch of the dungeon, and saw 3 of its levels.

You collected 92 gold pieces.

Inventory:

Hand Weapons
 a - a +2 vampiric dagger (weapon)
 b - a +0 hunting sling
 f - a +0 short sword
Missiles
 h - 2 needles of confusion
 p - 14 sling bullets
 s - 69 stones (quivered)
Armour
 d - a +0 pair of gloves
 n - a +0 robe
 o - a +0 leather armour (worn)
 q - a +2 pair of gloves (worn)
Jewellery
 i - a ring of protection from magic (left hand)
Wands
 x - a wand of polymorph (7)
Scrolls
 g - a scroll of fog {unknown}
 m - 4 scrolls of teleportation {unknown}
 r - 2 scrolls of fear {unknown}
 t - a scroll of magic mapping {unknown}
 u - a scroll of random uselessness {unknown}
 w - a scroll of identify
 y - a scroll of blinking {unknown}
Potions
 e - 2 potions of mutation {unknown}
 j - a potion of brilliance {unknown}
 k - a potion of magic {unknown}
 l - 2 potions of curing {unknown}
 v - a potion of flight {unknown}
Comestibles
 c - 6 rations
 z - 4 chunks of flesh


   Skills:
 + Level 1.6 Fighting
 + Level 1.8 Short Blades
 + Level 1.5 Armour
 + Level 2.9 Dodging
 + Level 2.8 Stealth
 + Level 2.6 Spellcasting
 + Level 2.7 Conjurations
 + Level 4.6 Air Magic


You had 8 spell levels left.
You knew the following spells:

 Your Spells              Type           Power        Failure   Level  Hunger
a - Shock                 Conj/Air       ##..         6%          1    #......

Your spell library contained the following spells:

 Spells                   Type           Power        Failure   Level  Hunger
 Swiftness                Chrm/Air       #.......     16%         2    ##.....
 Static Discharge         Conj/Air       ##......     19%         3    ###....
 Airstrike                Air            ###.......   38%         4    #####..
 Lightning Bolt           Conj/Air       ##........   86%         5    ######.


Dungeon Overview and Level Annotations

Branches:
Dungeon (3/15)

Altars:

Annotations:
D:2 1 runed translucent door, Crazy Yiuf, Sigmund
D:3 1 exclusion


Innate Abilities, Weirdness & Mutations

You have a beak for a mouth.
You have claws for feet.
You can fly continuously.


Message History

Here: Sigmund, wielding a -1 scythe and wearing a +0 robe The floor.
You can't go down here!
Sigmund hits you with a cursed -1 scythe.
You climb upwards.
Level annotation: 1 runed translucent door, Crazy Yiuf
There is a stone staircase leading down here.
You swoop lightly up into the air.
You feel very comfortable in the air.
You feel somewhat more hungry.
Sigmund points at you and mumbles some strange words.
The magic dart hits you!
Sigmund hits you from afar with a cursed -1 scythe.
Sigmund closely misses you. Sigmund gestures at you while chanting.
You resist with almost no effort. Sigmund gestures at you while chanting.
You resist with almost no effort. Sigmund gestures at you while chanting.
The puff of flame hits you!
You die...

############ #####.@.....@..#
#.....########.#
#.############.### ####.##
#...........# #.....#
#.#######.#.# #.##..# #.#
#.#.### #.##..###.# #.....#
##.##......# ##.....####
...##.###########.........######


You could see Sigmund.

Vanquished Creatures
  2 orc wizards (D:3)
  Terence (D:2)
  A worker ant zombie (D:3)
  3 adders
  An ooze (D:1)
  2 worms
  2 dart slugs
  A leopard gecko (D:1)
  2 orcs (D:3)
  A ball python (D:1)
  2 giant cockroaches (D:3)
  8 goblins
  6 hobgoblins
  3 jackals (D:1)
  2 quokkas
  6 bats
  6 frilled lizards
  8 kobolds
  5 rats
62 creatures vanquished.

Notes
Turn   | Place    | Note
-------+----------+-------------------------------------------
     0 | D:1      | Pizzadoos the Tengu Air Elementalist began the quest for
                  | the Orb.
     0 | D:1      | Reached XP level 1. HP: 10/10 MP: 4/4
   185 | D:1      | Reached XP level 2. HP: 15/15 MP: 0/6
   442 | D:1      | Reached XP level 3. HP: 20/20 MP: 5/7
  1054 | D:2      | Reached skill level 1 in Short Blades
  1163 | D:2      | Reached XP level 4. HP: 20/24 MP: 4/8
  1282 | D:2      | Noticed Terence
  1482 | D:2      | Reached skill level 1 in Fighting
  1494 | D:2      | Reached skill level 1 in Armour
  1506 | D:2      | Found a runed translucent door.
  1507 | D:2      | Noticed Crazy Yiuf
  1616 | D:2      | Killed Terence
  2098 | D:3      | Gained mutation: You can fly continuously. [Tengu growth]
  2098 | D:3      | Reached XP level 5. HP: 27/29 MP: 4/9
  2332 | D:3      | Noticed Sigmund
  2368 | D:2      | Killed from afar by Sigmund

Skill      XL: |  1  2  3  4 |
---------------+-------------+-----
Conjurations   | 2 |  2.7
Short Blades   | 1 |  1.8
Fighting       | 1 |  1.6
Armour         | 1 |  1.5
Dodging        | |  2.9
Stealth        | |  2.8
Spellcasting   | |  2.6
Air Magic      | |  4.6

Action                   |  1- 3 |  4- 6 || total
-------------------------+-------+-------++-------
Melee: Unarmed           |    11 |       ||    11
       Kick              |     8 |    10 ||    18
       Short sword       |    23 |     1 ||    24
       Peck              |     3 |     6 ||     9
       Dagger            |       |    61 ||    61
 Cast: Shock             |    69 |    33 ||   102
 Abil: Fly               |       |     1 ||     1
  Use: Scroll            |     2 |       ||     2
 Stab: Sleeping          |       |     1 ||     1
  Eat: Chunk             |     1 |     3 ||     4
       Ration            |       |     2 ||     2
Armor: Leather armour    |     6 |    14 ||    20
Dodge: Dodged            |    25 |    36 ||    61
